 Dungeon Crawl Stone Soup version 0.31-a0-876-gfe8ebadbca (webtiles) character file.

Game seed: 12955610846896225172

4 Ahpoh the Slasher (level 1, -1/16 HPs)
             Began as a Demonspawn Gladiator on Oct 13, 2023.
             Frozen to death by an endoplasm (2 damage)
             ... on level 1 of the Dungeon.
             The game lasted 00:00:30 (70 turns).

Ahpoh the Slasher (Demonspawn Gladiator)              Turns: 70, Time: 00:00:31

Health: -1/16      AC:  4    Str: 14    XL:     1   Next: 50%
Magic:  1/1        EV: 12    Int:  9    God:
Gold:   17         SH:  0    Dex: 14    Spells: 0/0 levels left

rFire   . . .        a - +0 long sword
rCold   . . .        (no shield)
rNeg    . . .        b - +0 leather armour
rPois   .            c - +0 helmet
rElec   .            (no cloak)
rCorr   .            (no gloves)
SInv    .            (no boots)
Will    .....        (no amulet)
Stlth   +            (no ring)
HPRegen 0.22/turn    (no ring)
MPRegen 0.07/turn

%: no passive effects
@: no status effects
A: no striking features
a: no special abilities


You were on level 1 of the Dungeon.
You visited 1 branch of the dungeon, and saw 1 of its levels.

You collected 17 gold pieces.

Inventory:

Hand Weapons
 a - a +0 long sword (weapon)
Missiles
 d - 3 throwing nets (quivered)
 e - a javelin
Armour
 b - a +0 leather armour (worn)
 c - a +0 helmet (worn)
Scrolls
 f - a scroll of identify {unknown}
Potions
 g - a potion of lignification {unknown}


   Skills:
 + Level 2.0 Fighting
 + Level 2.9 Long Blades
 + Level 1.7 Throwing
 + Level 2.7 Dodging


You couldn't memorise any spells.
You didn't know any spells.
Your spell library contained the following spells:

 Spells                   Type           Power      Damage    Failure   Level
 Ensorcelled Hibernation  Hex/Ice        0%         N/A       61%         2
 Passwall                 Tmut/Erth      0%         N/A       61%         2
 Swiftness                Air            0%         N/A       83%         3


Dungeon Overview and Level Annotations

Branches:
Dungeon (1/15)

Altars:


Message History

You slash the kobold!
You kill the kobold!
A rat comes into view.
The kobold throws a stone.
The stone closely misses you. The kobold completely misses you.
You barely miss the kobold. The endoplasm closely misses you.
The kobold hits you but does no damage.
You barely miss the kobold. The endoplasm freezes you.
You are frozen.
The kobold closely misses you. The endoplasm freezes you.
You are frozen.
The kobold hits you but does no damage.
You closely miss the kobold. The endoplasm barely misses you.
The kobold barely misses you.
You hit the kobold but do no damage. Your punch misses the kobold.
The endoplasm freezes you.
You are frozen.
* * * LOW HITPOINT WARNING * * *
The kobold hits you but does no damage.
You closely miss the kobold. Your punch misses the kobold.
The endoplasm barely misses you. The kobold hits you but does no damage.
You hit the kobold.
You kill the kobold!
The endoplasm hits you but does no damage.
The endoplasm barely misses you. The rat completely misses you.
You closely miss the rat. The endoplasm barely misses you.
The rat bites you but does no damage.
You barely miss the rat. The endoplasm hits you.
* * * LOW HITPOINT WARNING * * *
The rat closely misses you.
You hit the rat but do no damage. The endoplasm freezes you.
You are frozen.
* * * LOW HITPOINT WARNING * * *
The rat closely misses you. The endoplasm closely misses you.
You barely miss the rat. The rat closely misses you.
An endoplasm comes into view.
The endoplasm freezes you.
You are frozen.
You die...

.. .. .....# ...
#.......
.J###.##...
...#.##..#
#.#.....# #...##.#
#. #....†.# # ....
#...#.J....# #.
... #.>..r@...#
#.. ...
....#.#.)..# ....#
#[# # .. #
#....##.###.##.##.
#........###.#.#.#
##........###...##
#............<...
#........###...##
#.......# #.#.#.#
#......###.##.##.


You could see 2 endoplasms and a rat.

Vanquished Creatures
  A goblin (D:1)
  A jackal (D:1)
  2 kobolds (D:1)
4 creatures vanquished.

Notes
Turn   | Place    | Note
-------+----------+-------------------------------------------
     0 | D:1      | Ahpoh the Demonspawn Gladiator began the quest for the Orb.
     0 | D:1      | Reached XP level 1. HP: 16/16 MP: 1/1
    70 | D:1      | Frozen to death by an endoplasm

Illustrated notes

Levels and vault maps discovered:
D:1:      roderic_crossed_star, layout_basic, serial_bayou_pond_a

Action                     || total
---------------------------++-------
  Melee: Long sword        ||    16
 Armour: Leather armour    ||    13
  Dodge: Dodged            ||    20

Table legend: (Time is in decaauts)
 A = Elapsed time spent in this place.
 B = Non-inter-level travel time spent in this place.
 C = Inter-level travel time spent in this place.
 D = Time resting spent in this place.
 E = Time spent auto-exploring this place.
 F = Levels seen in this place.
 G = Mean time per level.
                   A        B        C        D        E       F      G
               +--------+--------+--------+--------+--------+-----+--------+
         Total |     73 |     73 |      0 |      0 |     19 |   1 |   73.0 |
       Dungeon |     73 |     73 |      0 |      0 |     19 |   1 |   73.0 |
               +--------+--------+--------+--------+--------+-----+--------+

Top non-repeatable levels by time:
     D:1: 73 daAuts
